AoeStats
← Pony_Lord_AK47

Arabian Desert

509353863Analyzed
1v1 RM · 7d ago on Sep 26, 2026· 31m 29s· 2 players
Game mode
Random Map
Map size
Tiny (2 player)
Population
200
Speed
Normal
Resources
Standard
Victory
Conquest
Starting age
Dark Age
Ending age
Imperial Age
RankedLock teamsTeams togetherTeam positionsShared explorationLock speedFull tech treeHidden civsTurbo modeCheats
Victory
Defeat
🇮🇹 Shu · Italy
1086
+16
🇺🇸 Saxons · United States
1077
-16
Pony_Lord_AK47
4:50 Loom
9:35 Feudal Age
11:13 Double-Bit Axe
20:28 Fletching
21:57 Padded Archer Armor
24:49 Castle Age
23:17 Gold Mining
23:26 Town Watch
25:30 Bodkin Arrow
24:58 Elite Skirmisher
29:26 Wheelbarrow
30:01 Scale Barding Armor
30:25 Husbandry
30:44 Forging
Elficovich
7:05 Loom
9:38 Feudal Age
10:15 Double-Bit Axe
13:30 Fletching
21:24 Castle Age
20:21 Gold Mining
20:49 Padded Archer Armor
20:46 Horse Collar
21:37 Scale Barding Armor
22:16 Bodkin Arrow
25:01 Thumb Ring
25:42 Chain Barding Armor
28:47 Bow Saw
29:06 Heavy Plow
29:21 Forging
Connection lost

Rejoining the realm…

Still unreachable

The connection could not be restored.

Session expired

The server has moved on; the page needs a fresh start.